 Dungeon Crawl Stone Soup version 0.29-a0-892-g2c4c91d9db (webtiles) character file.

Game seed: 15329141822473226107

4138 Spectrina the Frost Mage (level 10, -2/56 HPs)
             Began as a Human Ice Elementalist on July 23, 2022.
             Was an Elder of Hepliaklqana.
             Slain by a wolf (5 damage)
             ... on level 2 of the Lair of Beasts.
             The game lasted 00:45:29 (3344 turns).

Spectrina the Frost Mage (Human Ice Elementalist)   Turns: 3344, Time: 00:45:29

Health: -2/56      AC:  8    Str:  8    XL:     10   Next: 52%
Magic:  4/13       EV: 12    Int: 20    God:    Hepliaklqana [****..]
Gold:   221        SH:  0    Dex: 14    Spells: 1/13 levels left

rFire   . . .      SeeInvis .   J - +0 great mace (elec)
rCold   . . .      Faith    .   (shield currently unavailable)
rNeg    . . .      Spirit   .   N - +0 robe
rPois   .          Reflect  .   e - +0 helmet
rElec   .          Harm     .   h - scarf {repulsion}
rCorr   .          Rampage  .   A - +0 pair of gloves
Will    .....                   (no boots)
Stlth   ++........              (no amulet)
HPRegen 0.18/turn               m - +4 ring of protection
MPRegen 0.13/turn               (no ring)

@: repel missiles
A: reduced essence
a: Renounce Religion, Recall Ancestor, Ancestor Identity, Transference, Idealise


You were on level 2 of the Lair of Beasts.
You worshipped Hepliaklqana.
Hepliaklqana was greatly pleased with you.
You visited 2 branches of the dungeon, and saw 11 of its levels.

You collected 437 gold pieces.
You spent 216 gold pieces at shops.

Inventory:

Hand Weapons
 a - a +2 dagger of venom
 b - a +0 sling of flaming
 C - a +1 antimagic short sword
 D - a +0 quarterstaff
 J - a +0 great mace of electrocution (weapon)
 K - a +0 glaive
Missiles
 q - 2 javelins
Armour
 e - a +0 helmet (worn)
 h - a scarf of repulsion (worn)
 o - a +1 scale mail of cold resistance
 p - a +0 buckler
 A - a +0 pair of gloves (worn)
 N - a +0 robe (worn)
Jewellery
 m - a +4 ring of protection (left hand)
Wands
 j - a wand of flame (14) (quivered)
 I - a wand of mindburst (2)
Scrolls
 d - a scroll of teleportation
 f - a scroll of silence {unknown}
 i - 4 scrolls of vulnerability
 l - 2 scrolls of fear {unknown}
 r - a scroll of enchant weapon {unknown}
 s - a scroll of amnesia {unknown}
 w - a scroll of summoning {unknown}
 x - 3 scrolls of poison
 y - a scroll of acquirement {unknown}
 z - a scroll of fog {unknown}
 F - 2 scrolls of enchant armour
 H - a scroll of blinking {unknown}
 L - a scroll of immolation
Potions
 c - 2 potions of haste
 g - 5 potions of curing
 k - 2 potions of mutation
 t - a potion of heal wounds
 u - a potion of berserk rage
 v - a potion of magic
 E - a potion of attraction
 G - a potion of invisibility


   Skills:
 - Level 2.0 Dodging
 + Level 2.4 Stealth
 - Level 2.0 Spellcasting
 + Level 8.3 Conjurations
 + Level 3.7 Necromancy
 + Level 11.4 Ice Magic
 + Level 3.2 Invocations


You had one spell level left.
You knew the following spells:

 Your Spells              Type           Power      Damage    Failure   Level
a - Freeze                Ice            100%       1d11      1%          1
f - Frozen Ramparts       Ice            94%        1d11      1%          3
p - Ozocubu's Armour      Ice            47%        N/A       1%          3
q - Necrotise             Necr           68%        1d7       3%          1
r - Hailstorm             Conj/Ice       41%        3d10      2%          4

Your spell library contained the following spells:

 Spells                   Type           Power      Damage    Failure   Level
 Vampiric Draining        Necr           17%        2d7       10%         3
 Agony                    Necr           17%        N/A       67%         5


Dungeon Overview and Level Annotations

Branches:
Dungeon (9/15)             Temple (0/1) D:6            Lair (2/5) D:8
  Swamp: Lair:2-3    Shoals: Lair:2-3     Snake: Lair:2-3    Spider: Lair:2-3
    Orc: D:9-12

Altars:
Ashenzari
Cheibriados
Hepliaklqana
Kikubaaqudgha
The Shining One

Shops:
D:5 ?


Message History

The plant is moderately damaged.
Gat hits the plant with a +0 flail.
Unknown command.
Really walk into that cloud of poison gas?
Okay, then.
You start resting.
Gat hits the plant with a +0 flail.
A nearby plant withers and dies.
Your icy armour cracks and falls away as you move.
The frozen ramparts melt away as you move.
A polar bear comes into view.
The polar bear growls angrily.
You hear an angry hiss.
You hear a bellow!
Unknown command.
A water moccasin comes into view.
Okay, then.
Gat blocks the polar bear's attack.
The polar bear claws gat but does no damage.
The polar bear claws gat.
Gat hits the polar bear with a +0 flail.
Unknown command.
Gat misses the polar bear.
Gat barely misses the polar bear.
There is a stone staircase leading down here.
You climb downwards.
The wolf bites you.
* * * LOW HITPOINT WARNING * * *
The wolf bites you.
* * * LOW HITPOINT WARNING * * *
The wolf closely misses you. x2; The wolf bites you.
* * * LOW HITPOINT WARNING * * *
There is a stone staircase leading up, spattered with blood here.
Unknown command.
Okay, then.
Okay, then.
As you read the scroll labelled CIT UVESCHUG, it crumbles to dust.
It is a scroll of brand weapon.
Your +0 great mace crackles with electricity.
J - a +0 great mace of electrocution (weapon)
The wolf closely misses you. The wolf bites you.
* * * LOW HITPOINT WARNING * * *
The wolf bites you.
You die...

##...##
#......###
##.....#..##
##..........##
.#..........#.#
..#..........#
#...........#
#....h@.....#
#....hh....##
..#....<....#
#..........#
#.........##
#####..(.##
#...## ..P##
...#


You could see 3 wolves.

Vanquished Creatures
  A black mamba (Lair:1)
  2 blink frogs (Lair:1)
  A wyvern (Lair:2)
  3 yaks
  A water moccasin (D:4)
  2 orc warriors
  A sky beast (D:7)
  An ogre (D:4)
  A wolf (Lair:1)
  A centaur (D:7)
  A phantom (D:5)
  A bullfrog (D:7)
  3 killer bees (D:8)
  4 orc priests
  8 gnolls
  5 adders
  A shadow imp (D:6)
  A white imp (D:5)
  An ufetubus (D:5)
  A dart slug (D:1)
  5 orcs
  2 ball pythons
  4 bats
  2 endoplasms
  A giant cockroach (D:3)
  2 goblins
  7 hobgoblins
  2 quokkas (D:1)
  3 frilled lizards
  3 kobolds
71 creatures vanquished.

Vanquished Creatures (collateral kills)
  A cane toad (Lair:1)
  A blink frog (Lair:1)
  A yak (D:8)
  A black bear (D:6)
  An ogre (D:6)
  2 wolves
  4 bullfrogs
  A scorpion (D:7)
  3 killer bees (D:8)
  2 hounds
  An iguana (D:6)
  4 orc wizards (D:6)
  Terence (D:3)
  4 gnolls
  5 adders
  A white imp (D:7)
  7 orcs (D:6)
  2 endoplasms
  A giant cockroach (D:3)
  A goblin (D:3)
  A hobgoblin (D:3)
  A bat (D:1)
46 creatures vanquished.

Vanquished Creatures (others)
  A knight (Lair:1)
  3 ancestors
  8 fungi
  7 plants
  5 withered plants (D:8)
24 creatures vanquished.

Grand Total: 141 creatures vanquished

Notes
Turn   | Place    | Note
-------+----------+-------------------------------------------
     0 | D:1      | Spectrina the Human Ice Elementalist began the quest for
                  | the Orb.
     0 | D:1      | Reached XP level 1. HP: 13/13 MP: 3/3
   113 | D:1      | Reached XP level 2. HP: 9/19 MP: 1/5
   270 | D:1      | Learned a level 1 spell: Necrotise
   295 | D:1      | Found a faded altar of an unknown god.
   300 | D:1      | Prayed at the altar of an unknown god.
   300 | D:1      | Became a worshipper of Hepliaklqana the Forgotten
   300 | D:1      | Reached * piety under Hepliaklqana
   554 | D:2      | Found a broken altar of Ashenzari.
   577 | D:2      | Reached XP level 3. HP: 21/21 MP: 0/6
   641 | D:2      | Reached skill level 5 in Ice Magic
   857 | D:3      | Noticed a bullfrog
   881 | D:3      | Reached ** piety under Hepliaklqana
   882 | D:3      | Remembered your ancestor gat as a knight
   898 | D:2      | Reached XP level 4. HP: 27/27 MP: 5/7
   903 | D:3      | Learned a level 3 spell: Frozen Ramparts
  1130 | D:3      | Killed a bullfrog
  1131 | D:3      | Reached skill level 6 in Ice Magic
  1131 | D:3      | Reached XP level 5. HP: 31/31 MP: 0/8
  1251 | D:3      | Noticed Terence
  1254 | D:3      | Killed Terence
  1259 | D:3      | Found a glowing golden altar of the Shining One.
  1326 | D:3      | Reached XP level 6. HP: 36/36 MP: 9/9
  1430 | D:3      | Learned a level 4 spell: Hailstorm
  1531 | D:5      | Entered Level 5 of the Dungeon
  1561 | D:5      | Reached skill level 7 in Ice Magic
  1709 | D:4      | Noticed an ogre
  1714 | D:4      | Killed an ogre
  1749 | D:5      | Reached XP level 7. HP: 28/41 MP: 1/10
  1779 | D:5      | Reached skill level 1 in Conjurations
  1877 | D:6      | Reached skill level 8 in Ice Magic
  1897 | D:6      | Found a snail-covered altar of Cheibriados.
  1999 | D:6      | Reached *** piety under Hepliaklqana
  2034 | D:6      | Reached XP level 8. HP: 46/46 MP: 4/11
  2209 | D:8      | Found an ancient bone altar of Kikubaaqudgha.
  2252 | D:8      | Reached skill level 9 in Ice Magic
  2282 | D:8      | Reached skill level 5 in Conjurations
  2288 | D:8      | Found a staircase to the Lair.
  2292 | Lair:1   | Entered Level 1 of the Lair of Beasts
  2296 | Lair:1   | Noticed a komodo dragon
  2316 | Lair:1   | Noticed a cane toad
  2354 | Lair:1   | Noticed a blink frog
  2378 | Lair:1   | Killed a cane toad
  2379 | Lair:1   | Reached XP level 9. HP: 34/51 MP: 6/12
  2436 | Lair:2   | Reached skill level 10 in Ice Magic
  2494 | D:8      | Noticed a two-headed ogre
  2586 | D:6      | Found a staircase to the Ecumenical Temple.
  2631 | D:5      | Found Ceusye's Magic Scroll Emporium.
  2638 | D:5      | Bought a scroll of identify for 24 gold pieces
  2638 | D:5      | Bought a scroll of immolation for 48 gold pieces
  2638 | D:5      | Bought a scroll of teleportation for 36 gold pieces
  2638 | D:5      | Bought a scroll of identify for 24 gold pieces
  2638 | D:5      | Bought a scroll of poison for 48 gold pieces
  2638 | D:5      | Bought a scroll of identify for 24 gold pieces
  2638 | D:5      | Bought a scroll of noise for 12 gold pieces
  2874 | D:7      | Learned a level 3 spell: Ozocubu's Armour
  2970 | D:7      | Reached skill level 11 in Ice Magic
  2970 | D:7      | Reached XP level 10. HP: 44/56 MP: 8/13
  3016 | D:6      | Reached skill level 1 in Invocations
  3108 | D:7      | Reached **** piety under Hepliaklqana
  3256 | Lair:1   | Noticed a black mamba
  3256 | Lair:1   | Noticed a komodo dragon
  3326 | Lair:1   | Killed a black mamba
  3344 | Lair:2   | Slain by a wolf

Illustrated notes

Levels and vault maps discovered:
D:1:      lemuel_arrival_broad_hall, layout_basic,
          hellmonk_ecumenical_altar_lost_god
D:2:      layout_rooms, basic_altar, nrook_mini_backslash,
          chequers_serial_rivers_marsh
D:3:      layout_loops_cross, mainiacjoe_overflow_24_doors, uniq_terence
D:4:      layout_basic, serial_curves, eino_curves_01, eino_curves_01,
          uniq_blork_the_orc
D:5:      layout_loops_cross, serial_shops, nicolae_stop_n_shop_2
D:6:      layout_loops_ring, mainiacjoe_overflow_alcove_2, minitemple,
          grunt_ashenzari_visionary [grunt_ashenzari_visionary_swamp,
          grunt_ashenzari_visionary_snake], general_overflow_altar,
          temple_statues
D:7:      layout_gridville, kennysheep_another_room, kennysheep_small_circle
D:8:      layout_loops_ring, kiku_gazebo_garden_becter, lair_entry_dummy
D:9:      layout_gridville, lemuel_doored_altar, orc_0_dummy,
          ebering_ghost_disaster_area
Lair:1:   layout_loops_ring, grunt_megastairs_4
Lair:2:   layout_loops_ring, guppyfry_snake_entry_garden,
          gammafunk_ghost_necromancy, lemuel_fruit_tree, uniq_sonja

Skill      XL: |  1  2  3  4  5  6  7  8  9 10 |
---------------+-------------------------------+-----
Ice Magic      | 5 6 7 8 9 11 | 11.4
Conjurations   | 3 5 7 8 |  8.3
Necromancy     | 2 3 |  3.7
Invocations    | 3 |  3.2
Dodging        | |  2.0
Stealth        | |  2.4
Spellcasting   | |  2.0

Action                   |  1- 3 |  4- 6 |  7- 9 | 10-12 || total
-------------------------+-------+-------+-------+-------++-------
Melee: Unarmed           |    33 |     3 |       |       ||    36
       Quarterstaff      |       |       |     3 |       ||     3
       Great mace        |       |       |     2 |     6 ||     8
 Fire: Sling             |       |    17 |    61 |    18 ||    96
 Cast: Freeze            |    19 |     4 |    10 |       ||    33
       Necrotise         |    27 |    23 |    16 |     9 ||    75
       Frozen Ramparts   |       |     5 |     9 |     5 ||    19
       Hailstorm         |       |       |     9 |     4 ||    13
       Ozocubu's Armour  |       |       |     1 |     1 ||     2
Invok: Ancestor Identity |     2 |       |       |       ||     2
       Ancestor Life: Kn |     1 |       |       |       ||     1
       Recall Ancestor   |       |       |     2 |     1 ||     3
       Transference      |       |       |     1 |     1 ||     2
Evoke: Wand              |       |     1 |     2 |     1 ||     4
  Use: Scroll            |       |       |       |    15 ||    15
       Potion            |       |       |       |     3 ||     3
 Stab: Sleeping          |     2 |       |       |       ||     2
Armor: Robe              |    20 |     3 |     6 |     4 ||    33
Dodge: Dodged            |    33 |     6 |    23 |    21 ||    83
       Repelled          |       |     1 |       |       ||     1

Table legend: (Time is in decaauts)
 A = Elapsed time spent in this place.
 B = Non-inter-level travel time spent in this place.
 C = Inter-level travel time spent in this place.
 D = Time resting spent in this place.
 E = Time spent auto-exploring this place.
 F = Levels seen in this place.
 G = Mean time per level.
                   A        B        C        D        E       F      G
               +--------+--------+--------+--------+--------+-----+--------+
         Total |   3389 |   3157 |    232 |      0 |      0 |  11 |  308.1 |
       Dungeon |   3095 |   2863 |    232 |      0 |      0 |   9 |  343.9 |
          Lair |    293 |    293 |      0 |      0 |      0 |   2 |  146.5 |
               +--------+--------+--------+--------+--------+-----+--------+

Top non-repeatable levels by time:
     D:1: 597 daAuts
     D:3: 552 daAuts
     D:2: 393 daAuts
     D:7: 389 daAuts
     D:6: 384 daAuts
     D:4: 283 daAuts
  Lair:1: 282 daAuts
     D:5: 254 daAuts
     D:8: 238 daAuts
  Lair:2: 10 daAuts
     D:9: 1 daAuts
